 Dungeon Crawl Stone Soup version 0.18-a0-1026-ge317a7f (webtiles) character file.

6 Jmtri7 the Charlatan (level 2, -3/21 HPs)
             Began as a Formicid Artificer on Jan 8, 2016.
             Killed from afar by a tengu conjurer (9 damage)
             ... with a zap
             ... led by a tengu warrior
             ... on level 15 of the Dungeon.
             The game lasted 00:01:34 (344 turns).

Jmtri7 the Charlatan (Formicid Artificer)            Turns: 344, Time: 00:01:34

Health: -3/21      AC:  8    Str: 15    XL:     2   Next: 0%
Magic:  4/4        EV:  6    Int: 11    God:
Gold:   10         SH:  0    Dex: 11    Spells: 0 memorised, 1 level left

rFire  . . .     SeeInvis +     a - +0 short sword
rCold  . . .     Gourm    .     j - +0 chain mail
rNeg   . . .     Faith    .     (no shield)
rPois  .         Spirit   .     (helmet unavailable)
rElec  .         Dismiss  .     (no cloak)
rCorr  .         Reflect  .     (no gloves)
SustAt .         Harm     .     (no boots)
MR     .....                    (no amulet)
Stlth  ..........               (no ring)
                                (no ring)

@: not resistant to hostile enchantments, extremely unstealthy
A: permanent stasis, dig shafts and tunnels, four strong arms, antennae 3
a: Dig, Shaft Self


You were on level 15 of the Dungeon.
You were hungry.

You visited 1 branch of the dungeon, and saw 8 of its levels.

You collected 10 gold pieces.

Inventory:

Hand Weapons
 a - a +0 short sword (weapon)
Armour
 j - a +0 chain mail (worn)
Wands
 c - a wand of flame (15/48)
 d - a wand of enslavement (13/24)
 e - a wand of random effects (15/48)
Scrolls
 i - a scroll of recharging {unknown}
Potions
 g - a potion of curing {unknown}
 h - 2 potions of haste {unknown}
Comestibles
 f - a bread ration


   Skills:
 - Level 1.1 Fighting
 - Level 1.0 Short Blades
 - Level 1.7 Dodging
 - Level 1.2 Stealth
 + Level 3.8 Evocations


You had one spell level left.
You didn't know any spells.

Dungeon Overview and Level Annotations

Branches:
Dungeon (13/15)
 Temple: D:4-7         Lair: D:8-11         Orc: D:9-12      Vaults: D:13-14

Altars:


Innate Abilities, Weirdness & Mutations

You are under a permanent stasis effect.
You can dig through walls and to a lower floor.
Your four strong arms can wield two-handed weapons with a shield.
You have a pair of large antennae on your head (SInv).


Message History

Your tengu warrior misses the tengu conjurer.
Your tengu warrior claws the tengu conjurer.
The tengu conjurer barely misses your tengu warrior.
The tengu conjurer misses your tengu warrior.
The tengu conjurer claws your tengu warrior but does no damage.
Your tengu warrior hits the tengu conjurer with a great sword!
Your tengu warrior completely misses the tengu conjurer.
Your tengu warrior claws the tengu conjurer.
The tengu conjurer hits your tengu warrior but does no damage.
The tengu conjurer pecks your tengu warrior but does no damage.
The tengu conjurer claws your tengu warrior but does no damage.
The tengu conjurer blocks your tengu warrior's attack.
Your tengu warrior pecks the tengu conjurer.
Your tengu warrior claws the tengu conjurer.
The tengu conjurer hits your tengu warrior.
The tengu conjurer pecks your tengu warrior but does no damage.
The tengu conjurer closely misses your tengu warrior.
The tengu conjurer points at your tengu warrior and mumbles some strange words.
The zap hits your tengu warrior. The zap hits you!
You die...

{ .. .. ###. #.. #.#####
#.########.##... {
#.....#.......## ###
#######.......###
....<####@......#..##.....
....*zCQQ.#######.########
.###z###### .... ....## #
#..### #.. ...


You could see a cyclops, a tengu conjurer, 2 wights, a battlesphere and a
friendly tengu warrior.

Vanquished Creatures (collateral kills)
  A wight (D:15)
1 creature vanquished.

Vanquished Creatures (others)
  A wasp (D:15)
1 creature vanquished.

Grand Total: 2 creatures vanquished

Notes
Turn   | Place    | Note
--------------------------------------------------------------
     0 | D:1      | Jmtri7 the Formicid Artificer began the quest for the Orb.
     0 | D:1      | Reached XP level 1. HP: 15/15 MP: 3/3
    20 | D:1      | You fall through a shaft!
    43 | D:2      | You fall through a shaft for 2 floors!
    46 | D:4      | You fall through a shaft!
    46 | D:5      | Entered Level 5 of the Dungeon
    46 | D:5      | Noticed a phantom
    49 | D:5      | You fall through a shaft for 2 floors!
   204 | D:7      | Noticed an orc priest
   206 | D:7      | Noticed a giant frog
   211 | D:7      | Noticed an orc wizard
   211 | D:7      | You fall through a shaft for 3 floors!
   211 | D:10     | Entered Level 10 of the Dungeon
   286 | D:10     | You fall through a shaft for 3 floors!
   286 | D:13     | Noticed a slime creature
   286 | D:13     | Noticed a slime creature
   286 | D:13     | Noticed a slime creature
   289 | D:13     | You fall through a shaft for 2 floors!
   289 | D:15     | Entered Level 15 of the Dungeon
   289 | D:15     | Noticed a wasp
   326 | D:15     | Noticed a tengu warrior
   327 | D:15     | Noticed a tengu conjurer
   329 | D:15     | Noticed a wight
   332 | D:15     | Noticed a wight
   333 | D:15     | Noticed a cyclops
   339 | D:15     | Noticed a wight
   339 | D:15     | Killed a wight
   339 | D:15     | Reached XP level 2. HP: 5/21 MP: 4/4
   344 | D:15     | Killed from afar by a tengu conjurer

Vault maps used:
D:1:      tarquinn_simple_flora_water_d
D:2:      first_bread, grunt_gozag_statues
D:4:      uniq_menkaure
D:5:      kennysheep_mini_moat, uniq_pikel, uniq_duvessa
D:7:      the_bakery, minivault_26
D:10:     grunt_lair_entry_orc_guard_hut, grunt_pakellas_basics, uniq_nergalle,
          uniq_harold
D:13:     david_vaults_1, roderic_lattice_a, uniq_maud
D:15:     grunt_enter_depths_hoard, fountainhead, fountainhead

Action                   || total
-------------------------++-------
 Abil: Shaft Self        ||     7
Evoke: Wand              ||     2
